AoeStats
← AFG225

Arena

509251443Analyzed
4v4 RM · 6d ago on Sep 26, 2026· 72m 22s· 8 players
Game mode
Random Map
Map size
Large (8 player)
Population
200
Speed
Normal
Resources
Standard
Victory
Conquest
Starting age
Dark Age
Ending age
Imperial Age
RankedLock teamsTeams togetherTeam positionsShared explorationLock speedFull tech treeHidden civsTurbo modeCheats
Victory
Defeat
🇺🇸 Burgundians · United States
855
+10
🇺🇸 Romans · United States
805
+11
🇺🇸 Persians · United States
786
+12
🇺🇸 Cumans · United States
680
+16
🇲🇽 Britons · Mexico
743
-14
🇨🇳 Byzantines · China
699
-12
🇧🇷 Teutons · Brazil
682
-26
🇨🇦 Japanese · Canada
674
-11
Sorrentino79712
9:29 Feudal Age
10:03 Double-Bit Axe
11:03 Horse Collar
15:49 Town Watch
19:22 Castle Age
17:35 Gold Mining
18:37 Stone Mining
20:52 Wheelbarrow
21:03 Bow Saw
20:43 Loom
22:42 Fletching
24:44 Heavy Plow
26:17 Hand Cart
26:25 Bodkin Arrow
27:54 Guard Tower
28:30 Ballistics
28:24 Fortified Wall
30:55 Masonry
34:14 Imperial Age
32:36 Gold Shaft Mining
34:00 Yasama
35:50 Keep
36:24 Arrowslits
37:11 Conscription
37:50 Town Patrol
38:49 Caravan
39:22 Coinage
39:58 Kataparuto
40:15 Hoardings
40:05 Bracer
42:07 Chemistry
42:20 Scale Mail Armor
42:31 Forging
42:48 Thumb Ring
43:10 Parthian Tactics
43:24 Squires
44:10 Pikeman
44:38 Gambesons
45:43 Iron Casting
45:24 Chain Mail Armor
46:37 Halberdier
47:15 Arson
48:34 Blast Furnace
48:06 Plate Mail Armor
50:33 Padded Archer Armor
50:39 Scale Barding Armor
50:07 Man-at-Arms
50:13 Elite Samurai
50:54 Murder Holes
50:51 Treadmill Crane
51:38 Husbandry
51:48 Bloodlines
52:52 Leather Archer Armor
52:58 Chain Barding Armor
52:11 Light Cavalry
58:20 Two-Man Saw
58:08 Heavy Cavalry Archer
61:24 Long Swordsman
62:11 Two-Handed Swordsman
67:22 Champion
69:06 Siege Engineers
La Morte Noire
11:00 Feudal Age
15:11 Castle Age
13:42 Double-Bit Axe
13:42 Horse Collar
16:52 Wheelbarrow
16:47 Bow Saw
17:30 Wheelbarrow
18:33 Heavy Plow
24:01 Gold Mining
24:58 Hand Cart
25:33 Gold Shaft Mining
25:54 Crossbowman
26:38 Padded Archer Armor
26:32 Fletching
27:40 Leather Archer Armor
28:28 Ballistics
28:21 Bodkin Arrow
28:46 Stone Mining
28:54 Loom
33:36 Yeomen
37:06 Imperial Age
35:00 Pikeman
35:41 Squires
35:32 Arson
37:24 Arbalester
38:39 Bracer
39:37 Ring Archer Armor
40:11 Chemistry
39:50 Conscription
39:36 Halberdier
41:47 Forging
41:37 Scale Mail Armor
45:32 Iron Casting
45:22 Chain Mail Armor
47:57 Blast Furnace
47:54 Plate Mail Armor
58:47 Hoardings
60:27 Onager
Bress@
0:49 Loom
14:44 Feudal Age
18:14 Double-Bit Axe
31:23 Castle Age
29:54 Man-at-Arms
31:45 Crossbowman
31:49 Long Swordsman
31:57 Pikeman
524653466
0:38 Loom
11:50 Feudal Age
13:23 Wheelbarrow
12:38 Double-Bit Axe
13:26 Horse Collar
15:50 Gold Mining
24:45 Castle Age
23:19 Forging
25:44 Hand Cart
25:34 Heavy Plow
25:47 Bow Saw
26:48 Gold Shaft Mining
26:16 Caravan
27:10 Stone Mining
32:06 Imperial Age
30:34 Iron Casting
29:21 Pikeman
30:03 Squires
31:49 Ballistics
33:29 Logistica
32:53 Halberdier
33:53 Scale Mail Armor
35:44 Two-Man Saw
35:28 Crop Rotation
36:24 Chain Mail Armor
37:44 Thumb Ring
37:01 Elite Skirmisher
37:09 Elite Skirmisher
38:58 Plate Mail Armor
41:15 Chemistry
41:19 Arson
41:41 Scale Barding Armor
41:29 Fletching
41:40 Padded Archer Armor
42:47 Bodkin Arrow
43:08 Leather Archer Armor
45:45 Bracer
46:15 Ring Archer Armor
51:05 Conscription
51:39 Scale Barding Armor
54:58 Chain Barding Armor
57:11 Plate Barding Armor
57:32 Bombard Tower
57:08 Murder Holes
Glizzygirl10247
3:48 Loom
10:34 Feudal Age
11:05 Double-Bit Axe
11:34 Horse Collar
15:00 Wheelbarrow
23:08 Castle Age
20:54 Man-at-Arms
22:25 Padded Archer Armor
22:16 Fletching
24:10 Squires
24:36 Bow Saw
24:50 Scale Mail Armor
24:54 Gold Mining
25:46 Heavy Plow
26:47 Chain Mail Armor
28:19 Long Swordsman
28:24 Crossbowman
35:46 Hand Cart
35:57 Bodkin Arrow
36:08 Murder Holes
37:13 Ballistics
37:10 Leather Archer Armor
42:04 Imperial Age
39:32 Elite Skirmisher
43:04 Caravan
43:31 Stone Mining
43:58 Forging
45:27 Fortified Wall
46:43 Crop Rotation
50:05 Conscription
52:07 Iron Casting
52:45 Ring Archer Armor
59:15 Blast Furnace
58:21 Scale Barding Armor
59:55 Comitatenses
59:35 Legionary
61:51 Chemistry
61:13 Chain Barding Armor
63:47 Plate Barding Armor
62:47 Pikeman
64:13 Light Cavalry
AFG225
10:47 Feudal Age
14:56 Double-Bit Axe
14:53 Horse Collar
17:02 Wheelbarrow
20:50 Stone Mining
22:55 Gold Mining
26:29 Castle Age
29:21 Heavy Plow
29:37 Bow Saw
30:17 Scale Barding Armor
30:14 Padded Archer Armor
30:04 Fletching
29:40 Crossbowman
31:02 Hand Cart
32:24 Loom
32:27 Town Watch
36:03 Town Patrol
37:36 Thumb Ring
39:13 Chain Barding Armor
39:32 Steppe Husbandry
40:27 Gold Shaft Mining
39:50 Bodkin Arrow
40:11 Leather Archer Armor
44:12 Imperial Age
42:53 Forging
42:44 Scale Mail Armor
42:58 Bloodlines
42:08 Light Cavalry
44:20 Iron Casting
45:32 Plate Barding Armor
45:13 Chain Mail Armor
45:28 Ring Archer Armor
44:45 Elite Skirmisher
44:48 Pikeman
45:28 Squires
46:43 Cuman Mercenaries
47:05 Conscription
49:20 Blast Furnace
48:51 Plate Mail Armor
48:01 Hussar
48:05 Halberdier
49:09 Cavalier
51:05 Hoardings
50:59 Elite Kipchak
51:10 Elite Kipchak
52:59 Two-Man Saw
54:20 Paladin
65:48 Capped Ram
misterstaff
4:13 Loom
9:57 Feudal Age
10:24 Double-Bit Axe
18:45 Castle Age
16:44 Horse Collar
27:53 Imperial Age
25:32 Gold Mining
27:51 Wheelbarrow
27:36 Bow Saw
27:34 Heavy Plow
29:00 Conscription
29:21 Ballistics
30:08 Kamandaran
31:40 Hand Cart
33:13 Thumb Ring
32:28 Crossbowman
34:44 Stone Mining
35:55 Bloodlines
39:30 Town Watch
39:38 Arson
41:15 Crop Rotation
41:58 Two-Man Saw
41:16 Murder Holes
42:42 Fletching
42:53 Padded Archer Armor
42:58 Husbandry
46:36 Citadels
45:52 Elite War Elephant
48:02 Cavalier
51:04 Savar
51:59 Forging
51:49 Scale Mail Armor
51:55 Scale Barding Armor
51:45 Bodkin Arrow
52:05 Leather Archer Armor
53:18 Chemistry
52:28 Masonry
55:43 Iron Casting
55:23 Chain Mail Armor
55:28 Chain Barding Armor
61:10 Ring Archer Armor
61:42 Blast Furnace
61:12 Plate Mail Armor
61:17 Plate Barding Armor
61:02 Guilds
Golden-Dragon
6:54 Double-Bit Axe
10:33 Feudal Age
8:59 Horse Collar
11:39 Heavy Plow
12:15 Bow Saw
20:27 Castle Age
19:46 Gold Mining
19:48 Stone Mining
21:14 Gold Shaft Mining
21:35 Husbandry
23:17 Cavalier
24:16 Scale Barding Armor
26:15 Chain Barding Armor
26:53 Forging
28:38 Iron Casting
29:08 Wheelbarrow
32:58 Imperial Age
34:19 Paladin
38:57 Plate Barding Armor
40:06 Conscription
45:30 Chemistry
44:11 Treadmill Crane
45:29 Guilds
63:40 Hand Cart
64:00 Crop Rotation
64:32 Two-Man Saw
Connection lost

Rejoining the realm…

Still unreachable

The connection could not be restored.

Session expired

The server has moved on; the page needs a fresh start.